 Dungeon Crawl Stone Soup version 0.30-b1-2-g02819fbbbe (webtiles) character file.

Game seed: 7471199826089332778

679 MackTheKnife the Ogre Mage (level 7, -1/59 HPs)
             Began as an Ogre Ice Elementalist on May 20, 2023.
             Slain by a nameless horror (5 damage)
             ... created by miscasting Summon Ice Beast
             ... on level 4 of the Dungeon.
             The game lasted 00:05:30 (3094 turns).

MackTheKnife the Ogre Mage (Ogre Ice Elementalist)  Turns: 3094, Time: 00:05:31

Health: -1/59      AC:  5    Str: 13    XL:     7   Next: 60%
Magic:  1/17       EV:  9    Int: 18    God:
Gold:   240        SH:  0    Dex:  9    Spells: 11/19 levels left

rFire   . . .        a - +0 dagger (freeze) {short}
rCold   . . .        (no shield)
rNeg    . . .        l - +2 robe {Will+}
rPois   .            (helmet restricted)
rElec   .            (no cloak)
rCorr   .            (gloves unavailable)
SInv    .            (boots unavailable)
Will    +....        q - amulet of regeneration {@e2}
Stlth   +            (no ring)
HPRegen 1.09/turn    (no ring)
MPRegen 0.15/turn

%: no passive effects
@: mighty, invisible
A: large, unfitting armour, tough skin 1
a: no special abilities


You were on level 4 of the Dungeon.
You visited 1 branch of the dungeon, and saw 6 of its levels.

You collected 240 gold pieces.


Innate Abilities, Weirdness & Mutations

You are too large for most types of armour.
You have tough skin. (AC +1)


   Skills:
 - Level 1.7 Dodging
 - Level 1.4 Stealth
 + Level 6.7 Spellcasting
 + Level 6.3 Ice Magic


You had 11 spell levels left.
You knew the following spells:

 Your Spells              Type           Power      Damage    Failure   Level
a - Freeze                Ice            100%       1d10      1%          1
b - Frozen Ramparts       Ice            56%        1d9       2%          3
c - Summon Ice Beast      Ice/Summ       17%        N/A       30%         4

Your spell library contained the following spells:

 Spells                   Type           Power      Damage    Failure   Level
 Ozocubu's Armour         Ice            28%        N/A       2%          3

Inventory:

Hand Weapons
 a - a +0 dagger of freezing (weapon) {short}
   (You took it off Jessica on level 2 of the Dungeon)
 k - a +4 dagger {short}
   (You found it on level 1 of the Dungeon)
Armour
 l - a +2 robe of willpower (worn)
   (You took it off a hobgoblin on level 2 of the Dungeon)
 s - +0 steam dragon scales
   (You found it on level 6 of the Dungeon)
Jewellery
 q - an amulet of regeneration (around neck) {@e2}
   (You found it on level 3 of the Dungeon)
Wands
 r - a wand of mindburst (4)
   (You found it on level 6 of the Dungeon)
Scrolls
 d - 9 scrolls of identify {unknown}
 e - a scroll of blinking {unknown}
 f - 2 scrolls of silence {unknown}
 i - a scroll of magic mapping {unknown}
 j - a scroll of poison {unknown}
 m - 2 scrolls of fog {unknown}
 n - a scroll of fear {unknown}
 o - a scroll of teleportation {unknown}
 t - a scroll of noise {unknown}
Potions
 b - a potion of magic
 c - 2 potions of might
 g - a potion of mutation {unknown}
 h - a potion of ambrosia {unknown}
 p - a potion of invisibility

Dungeon Overview and Level Annotations

Branches:
Dungeon (6/15) Zot: 26925
 Temple: D:4-7

Altars:
Gozag
Hepliaklqana
Kikubaaqudgha
Qazlal
Wu Jian
Zin

Shops:
D:2

(
##.....##
#_....._#
#.....#
#8...8#
##.....##
#_....._#
##.....##
#8X..8#
###@###
#####
##....
######


You could see a nameless horror.


Message History

😨 HP[+1] 😨 HP[+1] 😨 HP[+1] 😨 HP[+1] 😨 HP[+1] MP[+1] 😨 HP[+1] 😨 HP[+1] 😨 HP[+1] 😮 HP[+1] 😮 HP[+2]
You regained 2 hp, and now have 32/59 hp.
There is an open door here. 😮 HP[+1] MP[+1]
Aiming: Mindburst
Press: ? - help, Shift-Dir - straight line, f - you
Okay, then.
Unknown command.
Casting: Summon Ice Beast (quite dangerous; 30% risk of failure)
Confirm with . or Enter, or press ? or * to list all spells.
Casting: Frozen Ramparts (dangerous; 2% risk of failure)
Press: ? - help, Dir - look around, f - activate An open door.
The walls around you are covered in ice.
The wall freezes the nameless horror!
Your magical contamination has completely faded away. 😮 HP[+1] MP[-3]
You lost 3 mp, and now have 5/17 mp.
Casting: Frozen Ramparts (dangerous; 2% risk of failure)
Confirm with . or Enter, or press ? or * to list all spells.
Aiming: Freeze (safe; 1% risk of failure)
Press: ? - help, Shift-Dir - straight line, f - nameless horror
Aim: a nameless horror (moderately damaged, durably summoned)
You freeze the nameless horror.
The wall freezes the nameless horror.
The nameless horror hits you!
* * * LOW HITPOINT WARNING * * *
You feel your power leaking away. 😨 HP[-12] MP[-5]
You take 12 damage, and now have 22/59 hp.
MASSIVE DAMAGE!! (PAUSE)
You lost 5 mp, and now have 0/17 mp.
Casting: Freeze (safe; 1% risk of failure)
Confirm with . or Enter, or press ? or * to list all spells.
You don't know that spell.
Your frozen ramparts will break if you move.
Continue?
Okay, then.
There are monsters nearby!
Unknown command.
Your frozen ramparts will break if you move.
Continue?
The frozen ramparts melt away as you move. 😨 HP[+1] Unknown command. 😨 HP[+1]
The nameless horror attacks as you move away!
The nameless horror hits you!
* * * LOW HITPOINT WARNING * * *
😨 HP[-8]
You take 8 damage, and now have 16/59 hp. 😨 HP[+1]
The nameless horror attacks as you move away!
The nameless horror hits you.
* * * LOW HITPOINT WARNING * * *
😱 HP[-4] MP[+1]
You take 4 damage, and now have 13/59 hp.
The nameless horror attacks as you move away!
The nameless horror barely misses you. 😱 HP[+1]
The nameless horror attacks as you move away!
The nameless horror hits you.
* * * LOW HITPOINT WARNING * * *
You feel your power leaking away.
There is a stone staircase leading up here. 😱 HP[-2] MP[-1]
You take 2 damage, and now have 12/59 hp.
You lost 1 mp, and now have 0/17 mp.
The nameless horror barely misses you.
You climb upwards.
You hear the sound of rushing water.
There is an entrance to a sewer on this level.
Hurry and find it before the portal rusts away!
You hear the slow rusting of a very distant drain.
There is a stone staircase leading down here. 😨 HP[+3]
You regained 3 hp, and now have 15/59 hp.
Unknown command.
Unknown command.
Unknown command.
It was a potion of might.
You feel very mighty all of a sudden. The nameless horror hits you!
* * * LOW HITPOINT WARNING * * *
😱 HP[-13]
You take 13 damage, and now have 2/59 hp.
MASSIVE DAMAGE!! (PAUSE) Unknown command.
It was a potion of invisibility.
You fade into invisibility!
The nameless horror hits you but does no damage. 😱 HP[+1] MP[+1]
You hit the nameless horror. You freeze the nameless horror.
The nameless horror hits you.
You die...

Skill      XL: |  1  2  3  4  5  6 |
---------------+-------------------+-----
Spellcasting   | 3 4 5 6 |  6.7
Ice Magic      | 4 5 6 |  6.3
Dodging        | |  1.7
Stealth        | |  1.4

Action                     |  1- 3 |  4- 6 |  7- 9 || total
---------------------------+-------+-------+-------++-------
  Melee: Unarmed           |     4 |       |       ||     4
         Dagger            |    22 |    20 |     1 ||    43
         Punch             |       |     1 |       ||     1
   Cast: Freeze            |    41 |    52 |     5 ||    98
         Frozen Ramparts   |     1 |     7 |     2 ||    10
    Use: Potion            |       |       |     2 ||     2
   Stab: Sleeping          |     1 |     1 |       ||     2
 Armour: Robe              |    16 |    30 |     2 ||    48
  Dodge: Dodged            |    30 |    19 |     3 ||    52

Levels and vault maps discovered:
D:1:      dpeg_arrival_renting, layout_basic,
          dreamdust_ecumenical_altar_hidden_monk_grotto, st_stairs_1,
          minmay_tiny_reverse_x
D:2:      layout_loops_ring, serial_shops, shop, basic_altar,
          amcnicky_mini_rare_corridor_liquid, uniq_jessica
D:3:      layout_basic, dk_noncrumbling_4, minmay_fractal_squares_5
D:4:      minmay_thinvault, layout_cave_pods, nicolae_overflow_hidden_temple,
          gup_sewer_entry_glass, lexackson_kobold_supper, uniq_edmund
D:5:      layout_cave_pools, grunt_ministairs_5, minmay_crystal_water,
          uniq_sigmund, uniq_menkaure
D:6:      layout_gridville, minmay_manual_mess

Notes
Turn   | Place    | Note
-------+----------+-------------------------------------------
     0 | D:1      | MackTheKnife the Ogre Ice Elementalist began the quest for
                  | the Orb.
     0 | D:1      | Reached XP level 1. HP: 16/16 MP: 3/3
     0 | D:1      | magus.rc [v1.9.6]
   274 | D:1      | Reached XP level 2. HP: 22/24 MP: 0/5
   386 | D:1      | Reached skill level 3 in Spellcasting
   606 | D:1      | Reached skill level 4 in Ice Magic
   761 | D:1      | Reached XP level 3. HP: 30/31 MP: 3/7
   877 | D:1      | Found a faded altar of an unknown god.
   970 | D:2      | Learned a level 3 spell: Frozen Ramparts
  1009 | D:2      | Found Fiupnuci's Antique Weapon Shoppe.
  1225 | D:2      | Found a stormy altar of Qazlal.
  1273 | D:2      | Noticed Jessica
  1279 | D:2      | Killed Jessica
  1280 | D:2      | Reached XP level 4. HP: 39/39 MP: 4/9
  1579 | D:2      | Reached skill level 4 in Spellcasting
  2025 | D:3      | Identified the +7 dagger of Earthquakes {speed, Fragile rC-
                  | Dex+5 SInv}
  2043 | D:3      | Reached XP level 5. HP: 45/45 MP: 4/11
  2251 | D:3      | Learned a level 4 spell: Summon Ice Beast
  2623 | D:3      | You fall into a shaft and drop 3 floors!
  2692 | D:6      | Reached skill level 5 in Ice Magic
  2695 | D:6      | Reached skill level 5 in Spellcasting
  2763 | D:6      | Noticed a steam dragon
  2767 | D:6      | Killed a steam dragon
  2768 | D:6      | Reached XP level 6. HP: 35/53 MP: 6/14
  2869 | D:5      | Entered Level 5 of the Dungeon
  2945 | D:5      | Noticed Sigmund
  2957 | D:5      | Killed Sigmund
  2958 | D:5      | Reached skill level 6 in Spellcasting
  2958 | D:5      | Reached skill level 6 in Ice Magic
  2958 | D:5      | Reached XP level 7. HP: 53/59 MP: 6/16
  3021 | D:4      | Found a hazy altar of Hepliaklqana.
  3021 | D:4      | Found an ornate altar of the Wu Jian Council.
  3021 | D:4      | Found an opulent altar of Gozag.
  3021 | D:4      | Found a glowing silver altar of Zin.
  3024 | D:4      | Found an ancient bone altar of Kikubaaqudgha.
  3068 | D:5      | Noticed a nameless horror
  3087 | D:5      | HP: 12/59 [nameless horror[miscasting Summon Ice Beast]
                  | (5)]
  3092 | D:4      | HP: 2/59 [nameless horror[miscasting Summon Ice Beast]
                  | (14)]
  3094 | D:4      | Slain by a nameless horror

Vanquished Creatures
  Sigmund (D:5)
  A steam dragon (D:6)
  A scorpion (D:5)
  A hound (D:5)
  3 orc priests
  Jessica (D:2)
  A sleepcap (D:5)
  2 orc wizards
  5 adders
  5 dart slugs
  6 orcs
  6 endoplasms
  3 giant cockroaches
  4 goblins
  4 hobgoblins
  4 quokkas
  7 ball pythons
  4 bats
  2 frilled lizards (D:1)
  7 rats
68 creatures vanquished.

Table legend:
 A = Non-vault XP
 B = Vault XP
 C = Vault XP percentage of total XP
 D = Non-vault monster count
 E = Vault monster count
 F = Vault count percentage of total count
                 A         B        C        D         E       F
            +---------+---------+-------+---------+---------+-------
      Total |     544 |     426 |  43.9 |      58 |      10 |  14.7
            +---------+---------+-------+---------+---------+-------
        D:1 |      27 |       7 |  20.6 |      16 |       3 |  15.8
        D:2 |      53 |      37 |  41.1 |      18 |       1 |   5.3
        D:3 |      91 |      18 |  16.5 |      15 |       3 |  16.7
        D:5 |     119 |     364 |  75.4 |       4 |       3 |  42.9
        D:6 |     254 |       0 |   0.0 |       5 |       0 |   0.0
            +---------+---------+-------+---------+---------+-------

Skill      XL: |  1  2  3  4  5  6 |
---------------+-------------------+-----
Spellcasting   | 3 4 5 6 |  6.7
Ice Magic      | 4 5 6 |  6.3
Dodging        | |  1.7
Stealth        | |  1.4

Action                     |  1- 3 |  4- 6 |  7- 9 || total
---------------------------+-------+-------+-------++-------
  Melee: Unarmed           |     4 |       |       ||     4
         Dagger            |    22 |    20 |     1 ||    43
         Punch             |       |     1 |       ||     1
   Cast: Freeze            |    41 |    52 |     5 ||    98
         Frozen Ramparts   |     1 |     7 |     2 ||    10
    Use: Potion            |       |       |     2 ||     2
   Stab: Sleeping          |     1 |     1 |       ||     2
 Armour: Robe              |    16 |    30 |     2 ||    48
  Dodge: Dodged            |    30 |    19 |     3 ||    52

Illustrated notes

Table legend:
 A = Kills in this place as a percentage of kills in the entire game.
 B = Kills by you in this place as a percentage of kills by you in the entire game.
 C = Kills by friends in this place as a percentage of kills by friends in the entire game.
 D = Other kills in this place as a percentage of other kills in the entire game.
 E = Experience gained in this place as a percentage of experience gained in the entire game.
 F = Experience gained in this place divided by the number of levels of this place that you have seen.
                   A       B       C       D       E      F
               +-------+-------+-------+-------+-------+----------------------
         Total | 100.0 | 100.0 |   N/A |   N/A | 100.0 | 161.7
       Dungeon | 100.0 | 100.0 |   N/A |   N/A | 100.0 | 161.7
               +-------+-------+-------+-------+-------+----------------------

Table legend: (Time is in decaauts)
 A = Elapsed time spent in this place.
 B = Non-inter-level travel time spent in this place.
 C = Inter-level travel time spent in this place.
 D = Time resting spent in this place.
 E = Time spent auto-exploring this place.
 F = Levels seen in this place.
 G = Mean time per level.
                   A        B        C        D        E       F      G
               +--------+--------+--------+--------+--------+-----+--------+
         Total |   3092 |   3030 |     62 |    253 |   2154 |   6 |  515.3 |
       Dungeon |   3092 |   3030 |     62 |    253 |   2154 |   6 |  515.3 |
               +--------+--------+--------+--------+--------+-----+--------+

Top non-repeatable levels by time:
     D:2: 996 daAuts
     D:1: 920 daAuts
     D:3: 704 daAuts
     D:6: 245 daAuts
     D:5: 212 daAuts
     D:4: 13 daAuts
